 Dungeon Sprint DCSS version 0.31-a0-986-g5e6e4ef867 (webtiles) character file.

Game seed: 8490675419654090405

32 fozzywoppz the Sneak (level 3, 0/21 HPs)
             Began as an Octopode Hedge Wizard on Nov 14, 2023.
             Slain by a human (8 damage)
             ... in the Dungeon (Sprint III: "The Ten Rune Challenge").
             The game lasted 00:01:12 (96 turns).

fozzywoppz the Sneak (Octopode Hedge Wizard)          Turns: 96, Time: 00:01:13

Health: 0/21       AC:  1    Str: 11    XL:     3   Next: 25%
Magic:  7/8        EV: 13    Int: 16    God:
Gold:   0          SH:  0    Dex: 11    Spells: 8/9 levels left

rFire   . . .        a - +0 dagger
rCold   . . .        (no shield)
rNeg    . . .        b - +0 hat
rPois   .            (no amulet)
rElec   .            (no ring)
rCorr   .            (no ring)
SInv    .            (no ring)
Will    .....        (no ring)
Stlth   +++          (no ring)
HPRegen 0.23/turn    (no ring)
MPRegen 0.11/turn    (no ring)
                     (no ring)

%: no teleportation
@: no status effects
A: almost no armour, amphibious, 8 rings, camouflage 1, gelatinous body 1,
(nimble swimmer 1), tentacles
a: no special abilities


You were in the Dungeon.
You visited 1 branch

Inventory:

Hand Weapons
 a - a +0 dagger (weapon)
Armour
 b - a +0 hat (worn)
Scrolls
 h - 2 scrolls of blinking
Potions
 c - 3 potions of magic
 d - a potion of curing
 e - a potion of heal wounds
 f - a potion of haste
 g - a potion of berserk rage


   Skills:
 + Level 3.1 Dodging
 + Level 4.5 Stealth
 + Level 3.7 Spellcasting
 + Level 2.5 Conjurations
 + Level 2.5 Summonings
 + Level 2.4 Translocations


You had 8 spell levels left.
You knew the following spells:

 Your Spells              Type           Power      Damage    Failure   Level
a - Magic Dart            Conj           44%        1d5       6%          1

Your spell library contained the following spells:

 Spells                   Type           Power      Damage    Failure   Level
 Blink                    Tloc           20%        N/A       10%         2
 Call Imp                 Summ           22%        N/A       10%         2
 Slow                     Hex            12%        N/A       17%         1
 Cigotuvi's Dreadful Rot  Necr/Pois/Air  6%         N/A       26%         2
 Mephitic Cloud           Conj/Pois/Air  5%         N/A       36%         3


Dungeon Overview and Level Annotations

Branches:
Dungeon (1/1)

Altars:


Innate Abilities, Weirdness & Mutations

You cannot wear most types of armour.
You are amphibious.
You can wear up to eight rings at the same time.
Your skin changes colour to match your surroundings (Stealth+).
Your rubbery body absorbs attacks. (AC +1, EV +1)
((You are camouflaged when in or above water. (Stealth+)))
You have tentacles for arms and can constrict up to eight enemies at once.


Message History

h - 2 scrolls of blinking (gained 1)
You start resting.
Magic restored.
You start resting.
HP restored.
Okay, then.
A human comes into view.
A phantom comes into view.
The human shouts!
The helpless phantom fails to defend itself.
You puncture the phantom!
You destroy the phantom!
Unknown command.
The human hits you.
Casting: Magic Dart (safe; 6% risk of failure)
Confirm with . or Enter, or press ? or * to list all spells.
Aiming: Magic Dart (safe; 6% risk of failure)
Press: ? - help, Shift-Dir - straight line, f - human
Aim: a human (100% to hit)
Okay, then.
The human attacks as it pursues you! The human hits you.
Casting: Magic Dart (safe; 6% risk of failure)
Confirm with . or Enter, or press ? or * to list all spells.
Aiming: Magic Dart (safe; 6% risk of failure)
Press: ? - help, Shift-Dir - straight line, f - human
Aim: a human (100% to hit)
The magic dart hits the human but does no damage.
You barely miss the human. You grab the human.
You constrict the human, but do no damage.
The human misses you.
You barely miss the human. Your squeeze misses the human.
You constrict the human. The human misses you.
You barely miss the human. You tentacle-slap the human.
You squeeze the human, but do no damage.
The human is lightly wounded.
You constrict the human. The human hits you!
You hit the human but do no damage.
The human is lightly wounded.
You constrict the human. The human hits you!
You die...

▓▓▓▓▓▓▓▓▓
▓<..#...####
▓...#......##
▓..##..p....# .#
▓##.##@##..)# ..#
##.##.###..# #..#
▓#.####.##..# ...+
▓.###..##..####...#
▓#.....##..###....#
###..##...##.....#
#..##....#......#
#..###..##.#.....#
#(. #..#####....#


You could see a human.

Vanquished Creatures
  Jessica (D)
  A phantom (D)
  An endoplasm (D)
  A rat (D)
4 creatures vanquished.

Notes
Turn   | Place    | Note
-------+----------+-------------------------------------------
     0 | D        | fozzywoppz the Octopode Hedge Wizard began the quest for
                  | the Orb.
     0 | D        | Reached XP level 1. HP: 11/11 MP: 4/4
    12 | D        | Reached skill level 3 in Stealth
    17 | D        | Noticed Jessica
    22 | D        | Killed Jessica
    23 | D        | Reached skill level 4 in Stealth
    23 | D        | Reached XP level 2. HP: 9/17 MP: 4/6
    23 | D        | Reached XP level 3. HP: 11/21 MP: 5/8
    96 | D        | Slain by a human

Illustrated notes

Levels and vault maps discovered:
D:        dungeon_sprint_mu [sprint_mu_entry_cave, sprint_mu_temple_rooms,
          sprint_mu_d1_spiders, sprint_mu_d2_genie, sprint_mu_d3_branching,
          sprint_mu_orc_legion, sprint_mu_elf_gauntlet, sprint_mu_hive_nellie,
          sprint_mu_lair_fedhas, sprint_mu_vaults_butterflies,
          sprint_mu_slime_circle, sprint_mu_shoals_kraken,
          sprint_mu_snake_twists, sprint_mu_blade_basic,
          sprint_mu_crypt_fortress, sprint_mu_tomb_spiral,
          sprint_mu_vestibule_basic, sprint_mu_gehenna_hellfire,
          sprint_mu_dis_giant, sprint_mu_tartarus_statrot,
          sprint_mu_cocytus_islands, sprint_mu_zot1]

Skill      XL: |  1 |
---------------+----+-----
Stealth        | 4 |  4.5
Dodging        | 3 |  3.1
Conjurations   | 2 |  2.5
Summonings     | 2 |  2.5
Translocations | 2 |  2.4
Spellcasting   | |  3.7

Action                     || total
---------------------------++-------
  Melee: Dagger            ||     9
         Constrict         ||     2
         Punch             ||     2
         Tentacles         ||     2
   Cast: Magic Dart        ||     1
   Stab: Sleeping          ||     4
 Armour: Skin              ||     5
  Dodge: Dodged            ||     2

Table legend: (Time is in decaauts)
 A = Elapsed time spent in this place.
 B = Non-inter-level travel time spent in this place.
 C = Inter-level travel time spent in this place.
 D = Time resting spent in this place.
 E = Time spent auto-exploring this place.
 F = Levels seen in this place.
 G = Mean time per level.
                   A        B        C        D        E       F      G
               +--------+--------+--------+--------+--------+-----+--------+
         Total |     96 |     96 |      0 |     31 |      0 |   1 |   96.0 |
       Dungeon |     96 |     96 |      0 |     31 |      0 |   1 |   96.0 |
               +--------+--------+--------+--------+--------+-----+--------+

Top non-repeatable levels by time:
       D: 96 daAuts
